 Dungeon Crawl Stone Soup version 0.29-a0-330-g52719c12eb (webtiles) character file.

Game seed: 108091856946603940

170200 HoaS the Sniper (level 18, -11/131 HPs)
             Began as a Kobold Hunter on May 18, 2022.
             Was the Champion of Makhleb.
             Killed from afar by Nikola (80 damage)
             ... with an arc of chain lightning
             ... on level 4 of the Shoals.
             The game lasted 01:17:30 (33875 turns).

HoaS the Sniper (Kobold Hunter)                    Turns: 33875, Time: 01:17:31

Health: -11/131    AC: 16    Str:  8    XL:     18   Next: 62%
Magic:  18/18      EV: 48    Int: 15    God:    Makhleb [******]
Gold:   2528       SH:  0    Dex: 37    Spells: 17/17 levels left

rFire   . . .      SeeInvis +   e - +9 arbalest of the Foot {flame, rC+ SInv}
rCold   + + .      Faith    .   (shield currently unavailable)
rNeg    + . .      Spirit   .   F - +0 steam dragon scales
rPois   .          Reflect  .   K - +2 hat {Will+}
rElec   .          Harm     .   L - +1 cloak
rCorr   +          Rampage  .   v - +2 pair of gloves
Will    +++++      Clarity  +   z - +2 pair of boots {Stlth+}
Stlth   ++++++....              H - amulet of the Four Winds {rN+ Will+++ Clar}
HPRegen 0.31/turn               O - +6 ring of dexterity
MPRegen 0.16/turn               n - ring of Suss {Wiz rC+ rCorr Int+3 Dex+6}

@: no status effects
A: small, no large weapons, nightstalker 3
a: Renounce Religion, Minor Destruction, Lesser Servant of Makhleb, Major
Destruction, Greater Servant of Makhleb


You were on level 4 of the Shoals.
You worshipped Makhleb.
Makhleb was exalted by your worship.
You visited 6 branches of the dungeon, and saw 30 of its levels.
You visited the Abyss 1 time.
You visited 1 bazaar.
You also visited: Bailey and Ice Cave.

You collected 3267 gold pieces.
You spent 739 gold pieces at shops.

Inventory:

Hand Weapons
 e - the +9 arbalest of the Foot (weapon) {flame, rC+ SInv}
   (You acquired it on level 5 of the Dungeon)

   Any ammunition fired from it burns those it strikes, dealing additional fire
   damage.
   rC:        It protects you from cold.
   SInv:      It lets you see invisible.
Missiles
 q - 3 throwing nets
Armour
 v - a +2 pair of gloves (worn)
 z - a +2 pair of boots of stealth (worn)
 F - +0 steam dragon scales (worn)
 K - a +2 hat of willpower (worn)
 L - a +1 cloak (worn)
Jewellery
 a - a ring of willpower
 i - a ring of poison resistance
 n - the ring of Suss (right hand) {Wiz rC+ rCorr Int+3 Dex+6}
   (You found it on level 1 of the Shoals)

   [ring of wizardry]

   It improves your spell success rate.
   Int:       It affects your intelligence (+3).
   Dex:       It affects your dexterity (+6).
   rC:        It protects you from cold.
   rCorr:     It protects you from acid and corrosion.
 w - a ring of positive energy
 x - a +6 ring of strength
 y - a ring of fire
 A - a ring of protection from cold
 C - an amulet of regeneration
 H - the amulet of the Four Winds (around neck) {rN+ Will+++ Clar}
   (You found it on level 9 of the Dungeon)

   [amulet of nothing]

   rN:        It protects you from negative energy.
   Clar:      It protects you against confusion.
   Will:      It greatly increases your willpower.
 O - a +6 ring of dexterity (left hand)
 P - a ring of protection from cold
 R - a ring of willpower
 S - a ring of positive energy
 V - a ring of fire
 X - the ring of the Ornamental Orange {Will+ Int+6 Slay+3 SInv}
   (You bought it in a shop in a bazaar)

   [ring of see invisible]

   Int:       It affects your intelligence (+6).
   Slay:      It affects your accuracy & damage with ranged weapons and melee
   (+3).
   SInv:      It lets you see invisible.
   Will:      It increases your willpower.
Wands
 s - a wand of acid (6)
 I - a wand of digging (5)
Scrolls
 b - 3 scrolls of blinking
 c - 7 scrolls of immolation
 o - a scroll of holy word
 p - 11 scrolls of teleportation
 t - 7 scrolls of fear
 u - 2 scrolls of brand weapon
 B - a scroll of fog
 E - a scroll of magic mapping
 M - 2 scrolls of enchant weapon
 T - a scroll of silence
 W - 2 scrolls of summoning
Potions
 d - 12 potions of attraction
 f - a potion of invisibility
 g - 7 potions of berserk rage
 h - 6 potions of lignification
 j - 20 potions of curing
 k - 4 potions of resistance
 l - 7 potions of ambrosia
 m - 2 potions of cancellation
 r - 6 potions of flight
 D - 7 potions of haste
 J - 4 potions of might
 N - 3 potions of mutation
 Q - 3 potions of heal wounds


   Skills:
 + Level 20.6 Fighting
 + Level 22.1 Crossbows
 - Level 5.0 Armour
 + Level 21.3 Dodging
 - Level 5.0 Stealth


You had 17 spell levels left.
You didn't know any spells.
Your spell library contained the following spells:

 Spells                   Type           Power      Damage    Failure   Level
 Animate Skeleton         Necr           0%         N/A       11%         1
 Apportation              Tloc           0%         N/A       11%         1
 Foxfire                  Conj/Fire      0%         2x1d4     11%         1
 Freeze                   Ice            0%         1d3       11%         1
 Magic Dart               Conj           0%         1d3       11%         1
 Pain                     Necr           0%         1d4       11%         1
 Shock                    Conj/Air       0%         1d3       11%         1
 Summon Small Mammal      Summ           0%         N/A       11%         1
 Ensorcelled Hibernation  Hex/Ice        0%         N/A       16%         2
 Searing Ray              Conj           0%         2d4       16%         2
 Static Discharge         Conj/Air       0%         N/A       16%         2
 Call Canine Familiar     Summ           0%         N/A       32%         3
 Conjure Flame            Conj/Fire      0%         6-21      32%         3
 Inner Flame              Hex/Fire       0%         N/A       32%         3
 Ozocubu's Armour         Ice            0%         N/A       32%         3
 Portal Projectile        Hex/Tloc       0%         N/A       32%         3
 Spider Form              Tmut/Pois      0%         N/A       32%         3
 Swiftness                Air            0%         N/A       32%         3
 Vampiric Draining        Necr           0%         2d6       32%         3
 Airstrike                Air            0%         N/A       69%         4
 Anguish                  Hex/Necr       0%         N/A       69%         4
 Animate Armour           Summ/Erth      0%         N/A       69%         4
 Animate Dead             Necr           0%         N/A       69%         4
 Flame Wave               Conj/Fire      0%         2d4       69%         4
 Fulminant Prism          Conj/Hex       0%         3d6       69%         4
 Leda's Liquefaction      Hex/Erth       0%         N/A       69%         4
 Agony                    Necr           0%         N/A       95%         5
 Alistair's Intoxication  Tmut/Pois      0%         N/A       95%         5
 Borgnjor's Vile Clutch   Necr/Erth      0%         N/A       95%         5
 Excruciating Wounds      Necr           0%         N/A       95%         5
 Freezing Cloud           Conj/Ice/Air   0%         6-21      95%         5
 Lightning Bolt           Conj/Air       0%         1d11      95%         5
 Eringya's Noxious Bog    Tmut/Pois      0%         N/A       100%        6
 Simulacrum               Ice/Necr       0%         N/A       100%        6
 Statue Form              Tmut/Erth      0%         N/A       100%        6
 Haunt                    Necr/Summ      0%         N/A       100%        7
 Ozocubu's Refrigeration  Ice            0%         4d5       100%        7
 Infestation              Necr           0%         N/A       100%        8
 Maxwell's Capacitive Co  Air            0%         ∞         100%        8
 Polar Vortex             Ice            0%         N/A       100%        9


Dungeon Overview and Level Annotations

Branches:
Dungeon (13/15)            Temple (1/1) D:5            Lair (6/6) D:9
 Shoals (4/4) Lair:4       Spider (4/4) Lair:3        Slime (0/5) Lair:5
    Orc (2/2) D:11            Elf (0/3) Orc:2        Bailey (visited)
  IceCv (visited)
 Vaults: D:13-14

Altars:
Ashenzari
Cheibriados
Dithmenos
Elyvilon
Fedhas
Gozag
Hepliaklqana
Kikubaaqudgha
Makhleb
Nemelex Xobeh
Okawaru
Qazlal
Ru
Sif Muna
Trog
Uskayaw
Vehumet
Wu Jian
Xom
Yredelemnul
Zin
The Shining One
Beogh
Lugonu

Shops:
D:9 *   Orc:2 ?[(**

Portals:
Abyss: Shoals:3

Annotations:
Shoals:1 3 runed translucent doors, exclusion: obsidian statue, DuloT34's ghost, adept DjFE
Shoals:4 Nikola


Innate Abilities, Weirdness & Mutations

You are small and have problems with some larger weapons.
You are completely attuned to the shadows.


Message History

The water nymph completely misses you.
You shoot a bolt. The bolt hits the water nymph.
The bolt burns the water nymph.
The water nymph is almost dead.
The water nymph completely misses you.
You shoot a bolt. The bolt barely misses the water nymph.
The water nymph misses you.
You shoot a bolt. The bolt hits the water nymph!!!
The bolt burns the water nymph.
You kill the water nymph!
Makhleb accepts your kill.
You shoot a bolt. The bolt hits Nikola!!
The bolt burns Nikola.
Nikola is heavily wounded.
Nikola gestures wildly while chanting.
Nikola blinks!
You shoot a bolt. The bolt completely misses Nikola.
You shoot a bolt. The bolt hits Nikola!
The bolt burns Nikola.
Nikola is heavily wounded.
Nikola mumbles some strange words.
Lightning arcs from Nikola's hands!
The bolt of lightning hits you!!!!
Ouch! That really hurt!
* * * LOW HITPOINT WARNING * * *
A bolt of lightning appears from out of thin air!
The bolt of lightning hits Nikola!
You are too injured to fight recklessly!
You are too injured to fight recklessly!
You feel much better. Nikola closely misses you.
You feel much better. Nikola completely misses you.
You shoot a bolt. The bolt barely misses Nikola.
Nikola mumbles, "Hm, I wonder if you're conductive."
Nikola barely misses you.
You shoot a bolt. The bolt barely misses Nikola.
Nikola says, "You don't look like a good insulator."
Nikola completely misses you.
You shoot a bolt. The bolt hits Nikola!!
The bolt burns Nikola.
Nikola is severely wounded.
Nikola mumbles some strange words.
Lightning arcs from Nikola's hands!
The bolt of lightning hits you!!!!
Ouch! That really hurt!
You die...

≈≈≈≈≈≈≈≈≈ ..≈≈≈≈≈≈≈
......≈≈≈≈≈
...P.†@...≈ ≈≈≈≈≈
#.PPP@...≈
≈≈≈≈≈#######..PP.P≈≈≈
≈P≈###..##.###.....≈≈
.≈≈##...≈...##.P...≈≈
..≈###.#.#..#.....P≈≈
(.≈# #≈≈≈≈≈###....≈..
..≈###≈#≈#≈##≈.P.P≈≈P
..≈##≈)≈≈≈≈≈#≈.PPP≈
..≈##)≈###≈≈##..≈≈≈


You could see Nikola.

Vanquished Creatures
  A kraken (Shoals:3)
  2 tentacled starspawn (Abyss:2)
  Gastronok (Lair:1)
  Kirke (Shoals:3)
  The ghost of Wosog the Thaumaturge, an adept DrCj of Vehumet (Shoals:3)
  An emperor scorpion (Spider:2)
  2 broodmothers (Spider:3)
  A reaper (IceCv)
  3 entropy weavers
  The ghost of Ithig the Martial Artist, a journeyman OpTm of Gozag (Lair:5)
  4 spark wasps
  2 merfolk impalers
  2 merfolk javelineers
  The ghost of NigelTetley the Martial Artist, a journeyman OpTm of Ashenzari (Orc:1)
  8 hydras
  An ogre mage (Orc:2)
  3 boulder beetles
  An ice dragon (D:12)
  4 catoblepae
  4 jorogumos
  3 merfolk avatars
  2 radroaches
  2 alligator snapping turtles
  A tengu warrior (D:9)
  A death knight (D:12)
  A merfolk aquamancer (Shoals:1)
  12 two-headed ogres
  5 death yaks
  3 orc high priests (Orc:2)
  Amaemon (D:9)
  11 pharaoh ants
  A fire crab (Lair:5)
  3 sun moths
  Lodul (D:11)
  11 sea snakes
  4 orb spiders
  4 steelbarb worms
  A flayed ghost (Abyss:2)
  A wizard (D:9)
  5 orc knights
  A lindwurm (Lair:2)
  3 harpies (Shoals:1)
  14 wolf spiders
  2 oklob plants
  6 ugly things
  A deep elf zephyrmancer (D:9)
  4 orc sorcerers
  10 manticores
  A cyclops (Shoals:2)
  3 moths of wrath
  16 elephants
  Maurice (D:11)
  A faun (Shoals:3)
  3 merfolk sirens
  5 water nymphs
  2 black mambas
  2 ice statues (IceCv)
  A smoke demon (Abyss:2)
  A gargoyle (D:11)
  5 torpor snails
  9 komodo dragons
  An orange demon (D:9)
  12 cane toads
  Maggie (D:9)
  7 demonic crawlers
  11 rime drakes
  11 merfolk
  A tengu conjurer (D:9)
  5 ice devils (IceCv)
  3 wind drakes
  6 meliai
  7 trolls
  8 polar bears
  8 blink frogs (Lair:1)
  A queen bee (Spider:4)
  A blink frog (shapeshifter) (D:12)
  8 hornets
  15 tarantellas
  4 slime creatures
  5 snapping turtles
  A spectral jumping spider (Spider:4)
  4 dream sheep
  2 shadows
  6 culicivoras
  24 jumping spiders
  65 yaks
  A ynoxinul (Abyss:2)
  14 spriggans (Lair:6)
  3 water elementals
  2 wraiths (D:12)
  8 wyverns
  3 vampire mosquitoes (D:10)
  4 basilisks
  A golden eye (shapeshifter) (D:9)
  60 redbacks
  Grum (D:8)
  2 hogs (Shoals:3)
  4 steam dragons
  2 harpy simulacra (IceCv)
  9 wargs
  2 acid dragons
  13 water moccasins
  8 black bears
  A sky beast (D:7)
  24 orc warriors
  4 boggarts (Lair:6)
  9 ogres
  37 wolves
  16 centaurs
  A kobold brigand (D:11)
  10 bullfrogs
  Blork the orc (D:6)
  A gnoll sergeant (D:9)
  3 necrophages
  A small abomination (Abyss:2)
  7 scorpions
  3 two-headed ogre simulacra (IceCv)
  A cane toad simulacrum (IceCv)
  19 wights
  2 elephant simulacra (IceCv)
  26 killer bees
  2 howler monkeys (D:9)
  2 electric eels (Spider:3)
  3 jellies
  2 hounds (D:6)
  3 gnoll shamans
  20 orc priests
  2 iguanas (D:6)
  22 orc wizards
  A spriggan simulacrum (IceCv)
  A polar bear simulacrum (IceCv)
  A wolf simulacrum (IceCv)
  A mummy (D:5)
  24 gnolls
  7 adders
  2 naga simulacra (IceCv)
  A shadow imp (D:6)
  2 white imps
  3 ufetubi (IceCv)
  2 worms
  7 dart slugs
  91 orcs
  7 bats
  8 endoplasms
  6 giant cockroaches
  15 goblins
  4 hobgoblins
  4 jackals (D:4)
  6 quokkas
  9 ball pythons
  6 frilled lizards
  A hobgoblin zombie (D:5)
  11 kobolds
  A kobold zombie (D:5)
  2 orc zombies (D:5)
  7 rats
  2 lurking horrors (Shoals:3)
  2 starspawn tentacles (Abyss:2)
1018 creatures vanquished.

Vanquished Creatures (others)
  45 fungi
  78 plants
  8 starspawn tentacles (Abyss:2)
  4 tentacles (Shoals:3)
135 creatures vanquished.

Grand Total: 1153 creatures vanquished

Notes
Turn   | Place    | Note
-------+----------+-------------------------------------------
     0 | D:1      | HoaS the Kobold Hunter began the quest for the Orb.
     0 | D:1      | Reached XP level 1. HP: 12/12 MP: 1/1
   131 | D:1      | Reached XP level 2. HP: 17/17 MP: 2/2
   160 | D:1      | Reached skill level 6 in Crossbows
   331 | D:1      | Reached XP level 3. HP: 21/21 MP: 3/3
   898 | D:1      | Found a faded altar of an unknown god.
  1012 | D:2      | Found a white marble altar of Elyvilon.
  1031 | D:2      | Reached skill level 7 in Crossbows
  1102 | D:2      | Reached XP level 4. HP: 26/26 MP: 4/4
  1815 | D:3      | Reached skill level 8 in Crossbows
  1815 | D:3      | Reached XP level 5. HP: 14/30 MP: 5/5
  2553 | D:3      | Found a hide-covered altar of Uskayaw.
  2594 | D:3      | Found an ancient bone altar of Kikubaaqudgha.
  2909 | D:3      | Reached skill level 9 in Crossbows
  2909 | D:3      | Reached XP level 6. HP: 35/35 MP: 6/6
  3181 | D:4      | Noticed an ogre
  3311 | D:4      | Reached skill level 10 in Crossbows
  3333 | D:4      | Found an ornate altar of the Wu Jian Council.
  3342 | D:4      | Found a bloodstained altar of Trog.
  3499 | D:4      | Noticed a black bear
  3500 | D:4      | Noticed a water moccasin
  3509 | D:4      | Killed a black bear
  3510 | D:4      | Reached XP level 7. HP: 32/40 MP: 7/7
  3513 | D:4      | Killed a water moccasin
  3514 | D:4      | Reached skill level 1 in Armour
  4197 | D:4      | Reached XP level 8. HP: 30/48 MP: 8/8
  4355 | D:5      | Entered Level 5 of the Dungeon
  4356 | D:5      | Identified a scroll of acquirement
  4356 | D:5      | Acquired the +9 arbalest of the Foot {flame, rC+ SInv}
  4375 | D:5      | Found a staircase to the Ecumenical Temple.
  4382 | Temple   | Entered the Ecumenical Temple
  4572 | Temple   | Became a worshipper of Makhleb the Destroyer
  4732 | D:5      | Reached skill level 11 in Crossbows
  5279 | D:5      | Reached skill level 12 in Crossbows
  5760 | D:6      | Reached * piety under Makhleb
  5761 | D:6      | Reached XP level 9. HP: 51/52 MP: 9/9
  5777 | D:6      | Reached skill level 13 in Crossbows
  5808 | D:6      | Reached skill level 14 in Crossbows
  5900 | D:6      | Noticed Blork the orc
  5902 | D:6      | Killed Blork the orc
  5951 | D:6      | Identified the +7 quarterstaff of Liadikh {vorpal, rPois}
  6229 | D:6      | Reached skill level 15 in Crossbows
  6331 | D:6      | Found a glowing silver altar of Zin.
  6726 | D:7      | Reached ** piety under Makhleb
  6738 | D:7      | Reached XP level 10. HP: 57/57 MP: 10/10
  6877 | D:7      | Reached skill level 16 in Crossbows
  7312 | D:7      | Reached skill level 5 in Fighting
  7692 | D:8      | Found a flagged portal.
  7697 | Bailey   | Entered a bailey
  8109 | Bailey   | Noticed an orc knight
  8115 | Bailey   | Killed an orc knight
  8116 | Bailey   | Reached skill level 5 in Dodging
  8116 | Bailey   | Reached skill level 5 in Stealth
  8965 | D:8      | Reached *** piety under Makhleb
  9010 | D:8      | Noticed Grum
  9078 | D:8      | Reached XP level 11. HP: 67/67 MP: 11/11
  9256 | D:9      | Found a staircase to the Lair.
  9338 | D:9      | Noticed a deep elf zephyrmancer
  9340 | D:9      | Killed a deep elf zephyrmancer
  9462 | D:9      | Noticed a brown ugly thing
  9466 | D:9      | Killed a brown ugly thing
  9521 | D:9      | Noticed Amaemon
  9529 | D:9      | Killed Amaemon
  9637 | D:9      | Reached skill level 10 in Fighting
  9722 | D:9      | Identified the ring "Imiczib" {Ice Int+2}
  9722 | D:9      | Noticed a tengu warrior
  9726 | D:9      | Killed a tengu warrior
  9726 | D:9      | Reached **** piety under Makhleb
  9727 | D:9      | Noticed a wizard
  9730 | D:9      | Cast into level 2 of the Abyss (a wizard)
  9809 | Abyss:2  | Noticed a flayed ghost
  9817 | Abyss:2  | Killed a flayed ghost
  9862 | Abyss:2  | Found a corrupted altar of Lugonu.
  9865 | Abyss:2  | Noticed a tentacled starspawn
  9878 | Abyss:2  | Killed a tentacled starspawn
  9910 | Abyss:2  | Noticed a tentacled starspawn
  9916 | Abyss:2  | Killed a tentacled starspawn
  9941 | D:9      | Escaped the Abyss
  9947 | D:9      | Killed a wizard
 10009 | D:9      | Noticed a seven-headed hydra
 10011 | D:9      | Killed a seven-headed hydra
 10012 | D:9      | Reached XP level 12. HP: 69/80 MP: 12/12
 10039 | D:9      | Found the amulet of the Four Winds {rN+ Will+++ Clar}
 10434 | D:9      | Noticed a two-headed ogre
 10438 | D:9      | Killed a two-headed ogre
 10473 | D:9      | Noticed Maggie
 10477 | D:9      | Killed Maggie
 10478 | D:9      | Reached skill level 10 in Dodging
 10523 | D:9      | Found Ynyasooff's General Store.
 10857 | D:9      | Found a sacrificial altar of Ru.
 10965 | Lair:1   | Entered Level 1 of the Lair of Beasts
 11100 | Lair:1   | Reached ***** piety under Makhleb
 11311 | Lair:1   | Noticed a boulder beetle
 11319 | Lair:1   | Killed a boulder beetle
 11320 | Lair:1   | Reached skill level 5 in Armour
 11320 | Lair:1   | Reached XP level 13. HP: 89/89 MP: 13/13
 11353 | Lair:1   | Noticed Gastronok
 11364 | Lair:1   | Killed Gastronok
 11719 | Lair:2   | Noticed a boulder beetle
 11789 | Lair:2   | Killed a boulder beetle
 11876 | Lair:2   | Noticed a catoblepas
 11891 | Lair:2   | Killed a catoblepas
 12161 | Lair:2   | Reached skill level 15 in Fighting
 12917 | Lair:3   | Found a bloodstained altar of Trog.
 13307 | Lair:3   | Noticed a five-headed hydra
 13313 | Lair:3   | Noticed a catoblepas
 13316 | Lair:3   | Killed a five-headed hydra
 13322 | Lair:3   | Killed a catoblepas
 13595 | Lair:3   | Found a hole to the Spider Nest.
 13723 | Lair:3   | Noticed an eight-headed hydra
 13728 | Lair:3   | Killed an eight-headed hydra
 14193 | Lair:4   | Reached XP level 14. HP: 100/100 MP: 14/14
 14411 | Lair:4   | Found a staircase to the Shoals.
 14980 | Lair:4   | Found a broken altar of Ashenzari.
 15037 | Lair:4   | Reached skill level 15 in Dodging
 15418 | Lair:5   | Found a frozen archway.
 15426 | IceCv    | Entered an ice cave
 15714 | IceCv    | Identified the ring of the Lachrymose Banana {Ice Str+4
                  | Dex-4 SInv}
 15714 | IceCv    | Noticed a reaper
 15728 | IceCv    | Killed a reaper
 16168 | Lair:5   | Found a runed translucent gate.
 16168 | Lair:5   | Found a runed translucent gate.
 16168 | Lair:5   | Found a runed translucent gate.
 16269 | Lair:5   | Noticed Ithig's ghost (journeyman OpTm)
 16456 | Lair:5   | Found a staircase to the Slime Pits.
 17063 | Lair:6   | Entered Level 6 of the Lair of Beasts
 17149 | Lair:6   | Reached ****** piety under Makhleb
 17251 | Lair:6   | Reached XP level 15. HP: 87/105 MP: 15/15
 17357 | Lair:6   | Reached skill level 17 in Crossbows
 17661 | Lair:6   | Got the Incunabulum of Captivating Ice
 18472 | D:10     | Entered Level 10 of the Dungeon
 18526 | D:10     | Found a white marble altar of Elyvilon.
 19531 | D:11     | Noticed Maurice
 19534 | D:11     | Killed Maurice
 19535 | D:11     | Reached skill level 18 in Crossbows
 19576 | D:11     | Noticed Lodul
 19579 | D:11     | Killed Lodul
 20051 | D:11     | Found a radiant altar of Vehumet.
 20150 | D:11     | Found a staircase to the Orcish Mines.
 21168 | D:12     | You fall into a shaft and drop 1 floor!
 21458 | D:12     | Reached XP level 16. HP: 114/114 MP: 16/16
 21522 | D:12     | Got Sif Muna's Volume of Stones
 21907 | Orc:1    | Entered Level 1 of the Orcish Mines
 22791 | Orc:1    | Found a transporter.
 22795 | Orc:1    | Noticed NigelTetley's ghost (journeyman OpTm)
 22840 | Orc:1    | Found a transporter.
 23024 | Orc:2    | Entered Level 2 of the Orcish Mines
 23071 | Orc:2    | Found Ryan's Mass Market.
 23072 | Orc:2    | Found a staircase to the Elven Halls.
 23267 | Orc:2    | Reached skill level 19 in Crossbows
 23304 | Orc:2    | Found Puurhor's Antique Weapon Shop.
 23304 | Orc:2    | Found Ahim's Assorted Antiques.
 23306 | Orc:2    | Found Rilli Gav's Magic Scroll Shop.
 23306 | Orc:2    | Found Ega Qova's Armour Shoppe.
 24030 | D:8      | Killed Grum
 24225 | Lair:5   | Killed Ithig's ghost
 24525 | Orc:1    | Killed NigelTetley's ghost
 24538 | Orc:1    | Identified the amulet of Jilur {Acrobat Str+4}
 24774 | Spider:1 | Entered Level 1 of the Spider Nest
 26137 | Spider:2 | Noticed an emperor scorpion
 26146 | Spider:2 | Killed an emperor scorpion
 26518 | Spider:2 | Reached skill level 20 in Crossbows
 26519 | Spider:2 | Reached XP level 17. HP: 93/120 MP: 17/17
 27725 | Spider:3 | Identified the +8 hand crossbow of the Burning Fool {venom,
                  | rPois Dex+4}
 28167 | Spider:3 | Identified the +0 scale mail "Icaapt" {Int+2}
 28630 | Spider:4 | Entered Level 4 of the Spider Nest
 29302 | Spider:4 | Reached skill level 21 in Crossbows
 30302 | Spider:4 | Reached XP level 18. HP: 127/129 MP: 18/18
 30435 | Shoals:1 | Entered Level 1 of the Shoals
 30522 | Shoals:1 | Found a flickering gateway to a bazaar.
 30528 | Bazaar   | Entered a bazaar
 30545 | Bazaar   | Found Axae's Armour Shop.
 30560 | Bazaar   | Found Deefrixt's Book Shoppe.
 30597 | Bazaar   | Found Macheaw's Book Shoppe.
 30607 | Bazaar   | Found Ximihiwn's Jewellery Shop.
 30625 | Bazaar   | Found Ygrein's Jewellery Emporium.
 30804 | Bazaar   | Bought the ring of the Ornamental Orange {Will+ Int+6
                  | Slay+3 SInv} for 739 gold pieces
 31280 | Shoals:1 | Found a runed translucent gate.
 31280 | Shoals:1 | Found a runed translucent gate.
 31280 | Shoals:1 | Found a runed translucent gate.
 31595 | Shoals:1 | Identified the ring of Suss {Wiz rC+ rCorr Int+3 Dex+6}
 31671 | Shoals:1 | Found an opulent altar of Gozag.
 31672 | Shoals:1 | Noticed DuloT34's ghost (adept DjFE)
 32275 | Shoals:2 | Identified the +0 pair of boots of the Unseen Realm {rElec
                  | Int+4}
 32436 | Shoals:3 | Noticed a kraken
 32448 | Shoals:3 | Killed a kraken
 32512 | Shoals:3 | Found a corrupted altar of Lugonu.
 32519 | Shoals:3 | Found a one-way gate to the infinite horrors of the Abyss.
 32855 | Shoals:3 | Found a large runed translucent door.
 32856 | Shoals:3 | Found a large runed translucent door.
 33128 | Shoals:3 | Noticed Kirke
 33135 | Shoals:3 | Killed Kirke
 33198 | Shoals:3 | Reached skill level 22 in Crossbows
 33437 | Shoals:3 | Noticed Wosog's ghost (adept DrCj)
 33446 | Shoals:3 | Killed Wosog's ghost
 33453 | Shoals:3 | Got Sif Muna's Reference Book on Lightness
 33664 | Shoals:4 | Entered Level 4 of the Shoals
 33853 | Shoals:4 | Noticed Nikola
 33875 | Shoals:4 | Killed from afar by Nikola

Illustrated notes

Levels and vault maps discovered:
D:1:      tarquinn_simple_flora_water_c, layout_basic, serial_corexii_hall,
          corexii_hall_statues_i, chequers_hall_statues_y,
          corexii_hall_statues_x, chequers_hall_statues_y,
          corexii_hall_statues_x, chequers_hall_statues_y,
          hellmonk_ecumenical_altar_prayer_group
D:2:      layout_loops_ring, basic_altar
D:3:      layout_loops_corners, mainiacjoe_overflow_24_doors,
          eat_drink_and_be_merry_uskayaw
D:4:      layout_basic, lemuel_doored_altar, trog_butcher_becter
D:5:      layout_basic, minmay_temple_entry_glass, minmay_mini_ossuary
D:6:      layout_rooms, zin_statuary, uniq_blork_the_orc
D:7:      layout_basic, nicolae_figureground_sparkle
D:8:      layout_gridville, enter_bailey_3, uniq_grum
D:9:      minmay_the_grid_octo_tiled_squarecenter
          [minmay_the_grid_octo_tetromino_candy, minmay_the_grid_octo_focus,
          minmay_the_grid_octo_fan_narrow, minmay_the_grid_octo_chip,
          minmay_the_grid_square_5x5_megaprize_checkered,
          minmay_the_grid_square_5x5_half_checkered,
          minmay_the_grid_square_5x5_gyroscope,
          minmay_the_grid_square_5x5_inverted_slash,
          minmay_the_grid_square_5x5_longway], layout_loops_corners,
          nicolae_ru_path_of_blood, serial_shops, kennysheep_mini,
          guppyfry_early_elven_hall, uniq_maggie, uniq_amaemon
D:10:     layout_basic, elyvilon_altar_1
D:11:     layout_basic, david_orc_2, kennysheep_another_room,
          nicolae_vehumet_altar_sigil, uniq_maurice, uniq_lodul
D:12:     layout_roguey, minmay_radiant
D:13:     layout_basic, feat_on_display, uniq_sonja, uniq_urug
Temple:   regret_index_temple_waves
Lair:1:   layout_gridlike, nzn_sisyphean_effort, uniq_gastronok
Lair:2:   layout_gridlike, chequers_serial_rivers_large_a,
          nicolae_lair_lindhole, lemuel_fruit_fields
Lair:3:   layout_cave_pods, spider_nest_entry_webs, basic_altar, nzn_random_ring
Lair:4:   layout_cave_shapes, minmay_shoals_entry_centaurs, basic_altar,
          minmay_lair_oklob_items, minmay_lair_drake_nest
Lair:5:   beast_lair_carwin_large_1, layout_regular_city,
          minmay_slime_entry_pillars, gammafunk_ghost_split,
          portal_ice_cave_rime
Lair:6:   minmay_lair_end_enchanted_forest, layout_long_grid, grunt_megastairs_1
Shoals:1: layout_shoals, ebering_ghost_gozag, serial_shops, bzr_entry_dummy
Shoals:2: layout_shoals, abandoned_shop
Shoals:3: nicolae_shoals_lighthouse, layout_shoals, ebering_ghost_disaster_area,
          amcnicky_altar_lugonu_corruption, uniq_kirke
Shoals:4: shoals_end_grunt_ice, layout_shoals, uniq_nikola, uniq_aizul
Spider:1: layout_spider_delve
Spider:2: nicolae_spider_hilbert_zone_4 [nicolae_spider_hilbert_4_sides_2_open,
          nicolae_spider_hilbert_4_sides_1_open,
          nicolae_spider_hilbert_4_sides_1_open,
          nicolae_spider_hilbert_4_sides_1_open,
          nicolae_spider_hilbert_4_sides_1_open,
          nicolae_spider_hilbert_2_sides_1_open,
          nicolae_spider_hilbert_2_sides_1_open,
          nicolae_spider_hilbert_2_sides_1_open,
          nicolae_spider_hilbert_2_sides_1_open,
          nicolae_spider_hilbert_6_sides_1_open,
          nicolae_spider_hilbert_6_sides_1_open,
          nicolae_spider_hilbert_3_sides_1_open,
          nicolae_spider_hilbert_3_sides_1_open]
Spider:3: layout_spider_delve
Spider:4: floodkiller_spider_rune_tomb, special_room [special_room_bee],
          nicolae_spider_circle_web, spiders_nest_spider_trap, uniq_donald
Orc:1:    layout_caves, gammafunk_ghost_berserking_beasts
Orc:2:    grunt_orc_tribal_feast, layout_diamond_mine, minmay_shop_mass,
          mines2_david

Skill      XL: |  1  2  3  4  5  6  7  8  9 10 11 12 13 14 15 16 17 18 |
---------------+-------------------------------------------------------+-----
Crossbows      | 6 7 8 9 10 12 15 16 18 20 21 22 | 22.1
Stealth        | 2 3 5 |  5.0
Fighting       | 4 7 11 13 16 17 18 20 | 20.6
Armour         | 1 3 4 5 |  5.0
Dodging        | 3 6 9 10 13 16 18 19 20 21 | 21.3

Action                   |  1- 3 |  4- 6 |  7- 9 | 10-12 | 13-15 | 16-18 || total
-------------------------+-------+-------+-------+-------+-------+-------++-------
 Fire: Hand crossbow     |    72 |   129 |    55 |       |       |       ||   256
       Arbalest          |       |       |   118 |   379 |   839 |  1048 ||  2384
Evoke: Wand              |       |       |       |     6 |       |       ||     6
  Use: Scroll            |     5 |     5 |     6 |    12 |     9 |     4 ||    41
       Potion            |       |       |     1 |       |     2 |     2 ||     5
Armor: Leather armour    |     3 |    11 |     6 |     7 |       |       ||    27
       Steam dragon scal |       |       |       |    10 |   104 |   139 ||   253
       Acid dragon scale |       |       |       |    17 |       |       ||    17
Dodge: Dodged            |     8 |    25 |    44 |   163 |   664 |  1758 ||  2662

Table legend: (Time is in decaauts)
 A = Elapsed time spent in this place.
 B = Non-inter-level travel time spent in this place.
 C = Inter-level travel time spent in this place.
 D = Time resting spent in this place.
 E = Time spent auto-exploring this place.
 F = Levels seen in this place.
 G = Mean time per level.
                   A        B        C        D        E       F      G
               +--------+--------+--------+--------+--------+-----+--------+
         Total |  34406 |  31694 |   2712 |   5885 |  20586 |  34 | 1011.9 |
       Dungeon |  14099 |  13055 |   1044 |   2073 |   9171 |  13 | 1084.5 |
        Temple |    205 |    153 |     52 |      0 |    139 |   1 |  205.0 |
          Lair |   7521 |   6508 |   1013 |    526 |   4870 |   6 | 1253.5 |
        Shoals |   3338 |   3160 |    178 |    545 |   2213 |   4 |  834.5 |
   Spider Nest |   5192 |   5023 |    169 |   1910 |   2310 |   4 | 1298.0 |
  Orcish Mines |   1881 |   1627 |    254 |      6 |   1188 |   2 |  940.5 |
         Abyss |    211 |    211 |      0 |      0 |    168 |   1 |  211.0 |
        Bazaar |    456 |    456 |      0 |      0 |    227 |   1 |  456.0 |
        Bailey |    865 |    865 |      0 |    511 |    177 |   1 |  865.0 |
      Ice Cave |    633 |    633 |      0 |    314 |    121 |   1 |  633.0 |
               +--------+--------+--------+--------+--------+-----+--------+

Top non-repeatable levels by time:
    D:11: 1859 daAuts
     D:9: 1856 daAuts
Spider:3: 1751 daAuts
Spider:2: 1575 daAuts
  Lair:3: 1539 daAuts
     D:3: 1391 daAuts
Shoals:3: 1372 daAuts
  Lair:4: 1359 daAuts
  Lair:6: 1271 daAuts
  Lair:5: 1233 daAuts
     D:7: 1227 daAuts
  Lair:2: 1087 daAuts
     D:2: 1058 daAuts
  Lair:1: 1030 daAuts
   Orc:1: 1016 daAuts
